 Dungeon Crawl Stone Soup version 0.21-a0-135-g8dc100c (webtiles) character file.

4491 Kurtz the Basher (level 10, -1/73 HPs)
             Began as a Mummy Abyssal Knight on July 17, 2017.
             Was an Elder of Lugonu.
             Slain by a killer bee (8 damage)
             ... on level 8 of the Dungeon.
             The game lasted 00:13:48 (9845 turns).

Kurtz the Basher (Mummy Abyssal Knight)             Turns: 9845, Time: 00:13:49

Health: -1/73      AC: 18    Str: 23    XL:     10   Next: 16%
Magic:  19/20      EV:  8    Int: 11    God:    Lugonu [****..]
Gold:   147        SH:  0    Dex: 13    Spells: 9/9 levels left

rFire    x . .     SeeInvis .   u - +6 dire flail (drain)
rCold    + . .     Gourm    .   (shield currently unavailable)
rNeg     + + +     Faith    .   E - +7 chain mail "Tuxon" {MR+ MP+9 Str+3}
rPois    ∞         Spirit   .   c - +0 helmet
rElec    .         Reflect  .   w - scarf {repulsion}
rCorr    .         Harm     .   h - +0 pair of gloves (curse)
MR       ++...                  v - +0 pair of boots
Stlth    ..........             (no amulet)
HPRegen  0.22/turn              F - ring of loudness (curse)
MPRegen  0.17/turn              z - +2 ring of strength

@: repel missiles
A: no food or potions, fire vulnerability, cold resistance 1, negative energy
resistance 3, torment resistance, unbreathing
a: Depart the Abyss, Bend Space, Banish, Corrupt, Renounce Religion


You were on level 8 of the Dungeon.
You worshipped Lugonu.
Lugonu was greatly pleased with you.
You were not hungry.

You visited 1 branch of the dungeon, and saw 8 of its levels.
You visited the Abyss 1 time.
You also visited: Sewer and Bailey.

You collected 613 gold pieces.
You spent 466 gold pieces at shops.

Inventory:

Hand Weapons
 u - a +6 dire flail of draining (weapon)
 C - a +0 blowgun
Missiles
 k - 8 curare-tipped needles
 B - a poisoned needle
Armour
 b - a +0 leather armour
 c - a +0 helmet (worn)
 d - a +3 leather armour of poison resistance
 f - a +0 cloak
 g - the +1 robe of Reenlugh {rElec}
   (You found it in a bailey)

   It insulates you from electricity.
 h - a cursed +0 pair of gloves (worn)
 o - a +1 pair of gloves
 q - the +5 ring mail of Kovou {rF+ SInv}
   (You bought it in a shop on level 4 of the Dungeon)

   It protects you from fire.
   It lets you see invisible.
 v - a +0 pair of boots (worn)
 w - a scarf of repulsion (worn)
 y - a +1 scale mail of cold resistance
 E - the +7 chain mail "Tuxon" (worn) {MR+ MP+9 Str+3}
   (You bought it in a shop on level 8 of the Dungeon)

   It affects your strength (+3).
   It affects your resistance to hostile enchantments.
   It affects your magic capacity (+9).
Jewellery
 t - an uncursed ring of resist corrosion
 z - a +2 ring of strength (right hand)
 D - an uncursed ring of wizardry
 F - a cursed ring of loudness (left hand)
Wands
 r - a wand of iceblast (1/15)
 s - a wand of polymorph (0/24)
 x - a wand of flame (0/48)
Scrolls
 e - 2 scrolls of fear
 i - 5 scrolls of recharging
 j - 3 scrolls of remove curse
 l - a scroll of noise {unknown}
 m - 5 scrolls of teleportation {unknown}
 n - a scroll of random uselessness {unknown}
 p - a scroll of fog {unknown}
 A - a scroll of amnesia {unknown}
 G - a scroll of enchant weapon {unknown}


   Skills:
 * Level 4.5 Fighting
 * Level 12.0 Maces & Flails
 - Level 1.5 Armour
 - Level 0.7 Dodging
 - Level 1.5 Invocations


You had 9 spell levels left.
You didn't know any spells.

Dungeon Overview and Level Annotations

Branches:
Dungeon (8/15)             Temple (0/1) D:6
   Lair: D:8-11

Altars:
Fedhas
Gozag
Kikubaaqudgha
Makhleb
Nemelex Xobeh
Trog
Yredelemnul
Zin

Shops:
D:4 [}   D:8 [(%(

Annotations:
D:8 exclusion: ice statue


Innate Abilities, Weirdness & Mutations

You do not eat or drink.
Your flesh is vulnerable to fire.
You are immune to poison.
Your flesh is cold resistant. (rC+)
You are immune to negative energy. (rN+++)
You are immune to unholy pain and torment.
You can survive without breathing.


Message History

The killer bee stings you but does no damage.
You hear an angry buzzing noise.
The killer bee stings you!
* * * LOW HITPOINT WARNING * * *
The killer bee rages.
You closely miss the killer bee.
The killer bee is heavily wounded.
The killer bee stings you.
* * * LOW HITPOINT WARNING * * *
The killer bee stings you but does no damage.
Unknown command.
Space bends around you!
You blink.
A killer bee comes into view.
The killer bee buzzes angrily.
The killer bee is no longer berserk. x2
The killer bee stings you but does no damage.
The killer bee stings you.
* * * LOW HITPOINT WARNING * * *
The killer bee stings you!
You die...

#........#,,,,,,,,,,,,,,**,
#...)..###....,****,,,,,,,,
####*#......# #...****,*,*,,,,,,
#...##......#*#...*,*,*,**,,,,,,
#...##......+,#..##*,*,*,**,,,,,
#...##......#,#...*,*,*,*,*,,**,
#...........#,#..#,*,*,*,**,,**,
###....).....#,#..##,*,*,***,****
..#..........#,#@..#*,*,*,*,,*
).##...........#yy.#,**,**,,,*
!.##..........##Fyyy.#***,,,,*
..##..........##.yZ.....,,,,,*
..##...........#y#######******
###..........#.#§#
....#####.+###...# ...........#
##..# .#########.# #..#


You could see a bullfrog, 7 killer bees and a quokka skeleton.

Vanquished Creatures
  A two-headed ogre (D:8)
  The ghost of TrogTrogTrog the Carver, a novice MiGl of Dithmenos (D:7)
  The ghost of Okiemurse the Chopper, a novice HOMo of Beogh (D:5)
  A queen bee (D:8)
  Eustachio (D:6)
  Purgy (Sewer)
  An ice beast (D:6)
  A black bear (D:6)
  A centaur (D:5)
  4 orc warriors
  2 phantoms
  2 sky beasts (D:5)
  2 ogres
  3 bullfrogs
  A scorpion (D:7)
  8 killer bees (D:8)
  A howler monkey (D:8)
  3 crimson imps
  A bullfrog zombie (D:4)
  2 hounds (D:7)
  A jelly (D:6)
  An orc priest (D:3)
  Jessica (D:2)
  An iguana (D:6)
  3 orc wizards
  Ijyb (D:4)
  5 worker ants
  A killer bee zombie (D:6)
  2 worker ant zombies (D:7)
  A gnoll (D:8)
  14 adders
  2 oozes
  An adder zombie (D:7)
  An adder skeleton (D:8)
  A worm (D:4)
  2 dart slugs
  2 leopard geckos
  15 orcs
  3 bats
  5 giant cockroaches
  15 goblins
  11 hobgoblins
  15 jackals
  20 kobolds
  3 quokkas
  2 ball pythons
  3 frilled lizards
  10 rats
180 creatures vanquished.

Notes
Turn   | Place    | Note
-------+----------+-------------------------------------------
     0 | Abyss:1  | Kurtz the Mummy Abyssal Knight began the quest for the Orb.
     0 | Abyss:1  | Reached XP level 1. HP: 18/18 MP: 2/2
     0 | Abyss:1  | Found a corrupted altar of Lugonu.
    92 | Abyss:1  | Noticed a small abomination
    99 | Abyss:1  | Noticed a raiju
   102 | D:1      | Escaped the Abyss
   118 | D:1      | Reached * piety under Lugonu
   191 | D:1      | Reached skill level 2 in Maces & Flails
   407 | D:1      | Reached XP level 2. HP: 24/24 MP: 3/3
   929 | D:2      | Reached skill level 3 in Maces & Flails
   929 | D:2      | Reached XP level 3. HP: 12/29 MP: 4/4
  1116 | D:2      | Found a glowing silver altar of Zin.
  1615 | D:2      | Found a sparkling altar of Nemelex Xobeh.
  1615 | D:2      | Noticed Jessica
  1633 | D:2      | Killed Jessica
  1633 | D:2      | Reached XP level 4. HP: 27/35 MP: 5/5
  1748 | D:2      | Reached skill level 4 in Maces & Flails
  1754 | D:2      | Reached ** piety under Lugonu
  2148 | D:2      | Reached XP level 5. HP: 41/41 MP: 6/6
  3006 | D:3      | Reached skill level 5 in Maces & Flails
  3171 | D:4      | Reached XP level 6. HP: 9/47 MP: 7/7
  3189 | D:4      | Reached *** piety under Lugonu
  3710 | D:4      | Found Hinegh's Antique Armour Boutique.
  3717 | D:4      | Bought a fine ring mail for 162 gold pieces
  3727 | D:4      | Identified the +5 ring mail of Kovou {rF+ SInv} (You bought it in a shop on level 4 of the Dungeon)
  3757 | D:4      | Found Xisyjire's Gadget Emporium.
  3765 | D:4      | Noticed Ijyb
  3787 | D:4      | Killed Ijyb
  3805 | D:4      | Found a basalt altar of Yredelemnul.
  3864 | D:4      | Found a bloodstained altar of Trog.
  4245 | D:4      | Reached skill level 6 in Maces & Flails
  4446 | D:5      | Entered Level 5 of the Dungeon
  4540 | D:5      | Reached XP level 7. HP: 52/52 MP: 8/8
  5135 | D:5      | Reached skill level 7 in Maces & Flails
  5538 | D:5      | Noticed Okiemurse's ghost (novice HOMo)
  5828 | D:5      | Reached skill level 8 in Maces & Flails
  5828 | D:5      | Reached XP level 8. HP: 52/58 MP: 9/9
  5872 | D:6      | Noticed Edmund
  5911 | D:6      | Noticed Edmund
  5911 | D:6      | Edmund changed into Edmund the ice beast
  5924 | D:6      | Killed Edmund the ice beast
  5986 | D:6      | Found a glowing drain.
  6007 | Sewer    | Entered a sewer
  6096 | Sewer    | Noticed Purgy
  6100 | Sewer    | Killed Purgy
  6230 | D:6      | Reached skill level 9 in Maces & Flails
  6306 | D:6      | Found an ancient bone altar of Kikubaaqudgha.
  6309 | D:6      | Found a blossoming altar of Fedhas.
  6332 | D:6      | Noticed Eustachio
  6346 | D:6      | Killed Eustachio
  6444 | D:6      | Found an opulent altar of Gozag.
  6650 | D:6      | Found a staircase to the Ecumenical Temple.
  6871 | D:5      | Killed Okiemurse's ghost
  6871 | D:5      | Reached skill level 10 in Maces & Flails
  6871 | D:5      | Reached XP level 9. HP: 56/63 MP: 10/10
  7051 | D:7      | Noticed TrogTrogTrog's ghost (novice MiGl)
  7072 | D:7      | Killed TrogTrogTrog's ghost
  7348 | D:7      | Found a burning altar of Makhleb.
  7622 | D:7      | Reached **** piety under Lugonu
  8092 | D:8      | Reached skill level 11 in Maces & Flails
  8098 | D:8      | Found Dudetzy's Food Emporium.
  8098 | D:8      | Found Bekeulask's Antique Weapon Emporium.
  8107 | D:8      | Found Uvvogh's Antique Armour Emporium.
  8108 | D:8      | Found Qiwnyuho's Antique Weapon Emporium.
  8118 | D:8      | Found a flagged portal.
  8134 | Bailey   | Entered a bailey
  8710 | Bailey   | Got a wizard robe
  8730 | Bailey   | Identified the +1 robe of Reenlugh {rElec} (You found it in a bailey)
  9465 | Bailey   | Found a bloodstained altar of Trog.
  9539 | D:8      | Bought a faintly humming chain mail for 304 gold pieces
  9549 | D:8      | Identified the +7 chain mail "Tuxon" {MR+ MP+9 Str+3} (You bought it in a shop on level 8 of the Dungeon)
  9678 | D:8      | Noticed a two-headed ogre
  9685 | D:8      | Killed a two-headed ogre
  9753 | D:8      | Noticed an ice statue
  9754 | D:8      | Reached XP level 10. HP: 71/71 MP: 11/11
  9835 | D:8      | Reached skill level 12 in Maces & Flails
  9845 | D:8      | Slain by a killer bee

Vault maps used:
D:1:      dpeg_arrival_rhombus
D:2:      old_standard_altar, nemelex_lonely_heart_becter
D:3:      first_bread, minivault_14, minmay_misc_feat_roman, grunt_ministairs_1,
          eino_curves_03
D:4:      cheibrodos_quashed, overflow_temple_1_default, bloody_trog,
          serial_shops, nicolae_shop_temple_entry_statues_fountains,
          shop_fountains, uniq_ijyb
D:5:      kennysheep_minor_cross, minmay_misc_feat_tiny
D:6:      grunt_temple_overflow_growth_and_decay,
          minmay_temple_entry_enclosed_plants, cheibrodos_sewer_entry_drain,
          grunt_gozag_statues, uniq_eustachio, uniq_edmund
D:7:      kennysheep_little_box, kennysheep_another_room
D:8:      lemuel_ice_statue, serial_shops, shop_statue, enter_bailey_7,
          basic_altar, david_nohive_1, minivault_27, minmay_shop_grid_forest,
          minmay_misc_feat_hallway, feat_on_display
Sewer:    kennysheep_door_sewer
Bailey:   bailey_axe_3, bailey

Skill      XL: |  1  2  3  4  5  6  7  8  9 10 |
---------------+-------------------------------+-----
Maces & Flails | 2 3 4 5 6 8 10 11 12 | 12.0
Fighting       | 4 |  4.5
Armour         | |  1.5
Dodging        | |  0.7
Invocations    | |  1.5

Action                   |  1- 3 |  4- 6 |  7- 9 | 10-12 || total
-------------------------+-------+-------+-------+-------++-------
Melee: Mace              |   152 |   302 |   140 |       ||   594
       Dire flail        |       |       |   166 |    69 ||   235
 Fire: Blowgun           |       |       |    23 |       ||    23
Throw: Tomahawk          |       |       |    13 |       ||    13
Invok: Depart the Abyss  |     1 |       |       |       ||     1
       Bend Space        |       |     1 |     4 |     1 ||     6
Evoke: Wand              |       |     2 |    13 |       ||    15
  Use: Scroll            |       |     2 |     5 |       ||     7
Armor: Leather armour    |    96 |   101 |       |       ||   197
       Ring mail         |       |    48 |   128 |       ||   176
       Chain mail        |       |       |     1 |    46 ||    47
Dodge: Dodged            |   135 |   178 |   159 |    18 ||   490
       Deflected         |       |       |    17 |       ||    17
